[ AOE2 MATCH · #495468473 ]
UnrankedMagyars vs Sicilians
Player's team · WIN
[ REPLAY ANALYSIS · EXTRACTED FROM THE RECORDED GAME ]
Feudal
8:42
Castle
—
Imperial
—
| APM avg | 26.3 |
| APM peak | 43 |
| eAPM avg | 13.9 |
| Villagers / military | 40 / 9 |
Focus
⚔️ 32.4% · 🌾 67.6%
Scout Cavalry ×7 · Spearman ×2
Feudal
—
Castle
—
Imperial
—
| APM avg | 41.6 |
| APM peak | 89 |
| eAPM avg | 19.5 |
| Villagers / military | 54 / 0 |
Focus
⚔️ 30.8% · 🌾 69.2%
Match map
Initial resources + every placement click. Lines = walls · curves = elevation contours. ◆ gold · ⬟ stone · ● berries · ✦ relic · ◌ wall gap
Your base· Open — 2t gap
ForgotFletching's base· ✓ Closed at 12:00 · 26t walls · 1 gate(s)
Smoothed initial terrain · ◌ = detected wall gap · hover for details
Inputs per minute
— be water my friend - - ForgotFletching
Build order — be water my friend
77 actions detected in the replay
| 0:01 | Queue | Villager (Male) |
| 0:02 | Queue | Villager (Male) |
| 0:02 | Queue | Villager (Male) |
| 0:04 | Build | House |
| 0:12 | Queue | Villager (Male) |
| 0:13 | Queue | Villager (Male) |
| 1:34 | Queue | Villager (Male) |
| 1:34 | Queue | Villager (Male) |
| 1:51 | Build | House |
| 1:53 | Build | Lumber Camp |
| 1:59 | Queue | Villager (Male) |
| 1:59 | Queue | Villager (Male) |
| 2:21 | Queue | Villager (Male) |
| 2:53 | Queue | Villager (Male) |
| 2:59 | Queue | Villager (Male) |
| 3:41 | Queue | Villager (Male) |
| 3:41 | Queue | Villager (Male) |
| 3:59 | Build | House |
| 4:02 | Queue | Villager (Male) |
| 4:08 | Queue | Villager (Male) |
| 4:16 | Queue | Villager (Male) |
| 4:44 | Build | Mill |
| 5:16 | Queue | Villager (Male) |
| 5:32 | Research | Loom |
| 5:42 | Build | House |
| 6:32 | Research | Feudal Age |
| 6:43 | Build | Palisade Wall |
| 7:12 | Build | Barracks |
| 7:18 | Queue | Villager (Male) |
| 7:18 | Queue | Villager (Male) |
| 7:27 | Build | Palisade Wall |
| 7:54 | Queue | Villager (Male) |
| 7:55 | Queue | Villager (Male) |
| 8:27 | Queue | Villager (Male) |
| 8:42 | Age | Feudal Age |
| 8:47 | Build | Stable |
| 8:52 | Research | Double-Bit Axe |
| 9:26 | Queue | Spearman |
| 9:26 | Queue | Spearman |
| 9:30 | Queue | Villager (Male) |
| 9:41 | Queue | Scout Cavalry |
| 9:42 | Queue | Scout Cavalry |
| 10:07 | Queue | Scout Cavalry |
| 10:23 | Build | House |
| 10:46 | Queue | Villager (Male) |
| 11:12 | Queue | Villager (Male) |
| 11:21 | Build | Blacksmith |
| 11:36 | Queue | Villager (Male) |
| 11:55 | Build | Watch Tower |
| 12:04 | Queue | Villager (Male) |
| 12:23 | Research | Fletching |
| 12:43 | Build | Watch Tower |
| 13:21 | Queue | Villager (Male) |
| 13:22 | Queue | Villager (Male) |
| 13:28 | Build | House |
| 13:29 | Build | House |
| 13:38 | Queue | Scout Cavalry |
| 13:54 | Queue | Villager (Male) |
| 15:20 | Queue | Villager (Male) |
| 15:34 | Queue | Villager (Male) |
| 16:30 | Build | House |
| 16:38 | Queue | Scout Cavalry |
| 16:43 | Queue | Villager (Male) |
| 16:44 | Queue | Villager (Male) |
| 16:46 | Build | Farm |
| 16:47 | Build | Farm |
| 17:24 | Build | Farm |
| 17:28 | Queue | Villager (Male) |
| 17:59 | Queue | Scout Cavalry |
| 17:59 | Queue | Scout Cavalry |
| 18:11 | Queue | Villager (Male) |
| 18:11 | Queue | Villager (Male) |
| 18:13 | Build | Farm |
| 18:15 | Build | Farm |
| 18:37 | Queue | Villager (Male) |
| 18:37 | Queue | Villager (Male) |
| 18:41 | Build | Archery Range |
Build order — ForgotFletching
81 actions detected in the replay
| 0:00 | Queue | Villager (Male) |
| 0:01 | Queue | Villager (Male) |
| 0:02 | Build | House |
| 0:04 | Build | House |
| 0:05 | Queue | Villager (Male) |
| 0:07 | Queue | Villager (Male) |
| 1:32 | Queue | Villager (Male) |
| 1:47 | Queue | Villager (Male) |
| 1:47 | Queue | Villager (Male) |
| 2:03 | Build | House |
| 2:29 | Queue | Villager (Male) |
| 2:34 | Queue | Villager (Male) |
| 2:58 | Queue | Villager (Male) |
| 2:59 | Build | Lumber Camp |
| 3:34 | Queue | Villager (Male) |
| 4:22 | Queue | Villager (Male) |
| 4:25 | Queue | Villager (Male) |
| 4:31 | Queue | Villager (Male) |
| 4:37 | Queue | Villager (Male) |
| 4:39 | Queue | Villager (Male) |
| 4:48 | Queue | Villager (Male) |
| 4:52 | Queue | Villager (Male) |
| 4:53 | Build | House |
| 5:53 | Build | Palisade Gate |
| 5:54 | Queue | Villager (Male) |
| 6:01 | Queue | Villager (Male) |
| 6:05 | Queue | Villager (Male) |
| 6:09 | Build | Palisade Wall |
| 6:12 | Queue | Villager (Male) |
| 6:15 | Build | Palisade Wall |
| 6:16 | Build | Palisade Wall |
| 6:26 | Queue | Villager (Male) |
| 6:32 | Queue | Villager (Male) |
| 7:07 | Research | Loom |
| 7:16 | Queue | Villager (Male) |
| 7:24 | Build | House |
| 7:26 | Queue | Villager (Male) |
| 7:29 | Queue | Villager (Male) |
| 7:36 | Build | Mill |
| 7:58 | Build | Lumber Camp |
| 8:01 | Build | Lumber Camp |
| 8:09 | Queue | Villager (Male) |
| 8:31 | Queue | Villager (Male) |
| 9:10 | Queue | Villager (Male) |
| 9:30 | Build | Palisade Wall |
| 9:41 | Build | Palisade Wall |
| 9:50 | Build | Town Center |
| 10:32 | Queue | Villager (Male) |
| 10:35 | Queue | Villager (Male) |
| 10:40 | Queue | Villager (Male) |
| 10:54 | Queue | Villager (Male) |
| 10:57 | Queue | Villager (Male) |
| 11:05 | Queue | Villager (Male) |
| 11:21 | Queue | Villager (Male) |
| 11:25 | Queue | Villager (Male) |
| 11:40 | Build | Palisade Wall |
| 11:41 | Queue | Villager (Male) |
| 12:10 | Build | Palisade Wall |
| 12:25 | Queue | Villager (Male) |
| 12:48 | Queue | Villager (Male) |
| 13:09 | Queue | Villager (Male) |
| 13:57 | Build | House |
| 14:35 | Queue | Villager (Male) |
| 14:44 | Build | Palisade Wall |
| 14:48 | Queue | Villager (Male) |
| 14:52 | Queue | Villager (Male) |
| 14:53 | Queue | Villager (Male) |
| 14:55 | Queue | Villager (Male) |
| 15:04 | Queue | Villager (Male) |
| 15:06 | Queue | Villager (Male) |
| 15:11 | Queue | Villager (Male) |
| 15:13 | Build | Palisade Wall |
| 15:16 | Build | Palisade Wall |
| 15:18 | Queue | Villager (Male) |
| 15:26 | Queue | Villager (Male) |
| 15:47 | Queue | Villager (Male) |
| 15:49 | Queue | Villager (Male) |
| 16:30 | Build | Palisade Wall |
| 16:34 | Build | Palisade Wall |
| 16:38 | Build | Palisade Wall |
| 16:44 | Build | Palisade Wall |
Match timeline
| 6:09 | ForgotFletching · wall_segment Palisade Wall x6 |
| 6:15 | ForgotFletching · wall_segment Palisade Wall x1 |
| 6:16 | ForgotFletching · wall_segment Palisade Wall x1 |
| 6:43 | be water my friend · wall_segment Palisade Wall x1 |
| 7:12 | be water my friend · first_building Barracks |
| 7:27 | be water my friend · wall_segment Palisade Wall x1 |
| 8:42 | be water my friend · age_up feudal |
| 8:47 | be water my friend · first_building Stable |
| 9:30 | ForgotFletching · wall_segment Palisade Wall x9 |
| 9:41 | ForgotFletching · wall_segment Palisade Wall x5 |
| 11:40 | ForgotFletching · wall_segment Palisade Wall x4 |
| 12:10 | ForgotFletching · wall_segment Palisade Wall x3 |
| 14:44 | ForgotFletching · wall_segment Palisade Wall x1 |
| 15:13 | ForgotFletching · wall_segment Palisade Wall x1 |
| 15:16 | ForgotFletching · wall_segment Palisade Wall x1 |
| 16:30 | ForgotFletching · wall_segment Palisade Wall x3 |
| 16:34 | ForgotFletching · wall_segment Palisade Wall x1 |
| 16:38 | ForgotFletching · wall_segment Palisade Wall x1 |
| 16:44 | ForgotFletching · wall_segment Palisade Wall x1 |
| 18:41 | be water my friend · first_building Archery Range |
| 18:58 | ForgotFletching · resign |
[ AI ANALYSIS · 1 CREDIT ]
What really happened in this match?
Wolo.gg analyzes every decision: build order, eco, micro, common mistakes by bracket. Personalized analysis on WhatsApp or Discord in 30 seconds.
Civ guide
Magyars
Perfil
Jugador #2925148